 Dungeon Crawl Stone Soup version 0.29-a0-297-g7659ce593d (webtiles) character file.

Game seed: 503336201946066583

166 Dabor the Skirmisher (level 5, -5/30 HPs)
             Began as a Gargoyle Fighter on Mar 20, 2022.
             Was a Believer of Hepliaklqana.
             Slain by a gnoll
             ... wielding a +0 halberd
              (7 damage)
             ... on level 4 of the Dungeon.
             The game lasted 00:04:51 (3441 turns).

Dabor the Skirmisher (Gargoyle Fighter)             Turns: 3441, Time: 00:04:52

Health: -5/30      AC: 14    Str: 28    XL:     5   Next: 47%
Magic:  5/5        EV: 10    Int:  8    God:    Hepliaklqana [**....]
Gold:   188        SH:  4    Dex:  9    Spells: 4/4 levels left

rFire   + . .      SeeInvis .   v - +0 morningstar
rCold   . . .      Faith    .   c - +0 buckler
rNeg    + . .      Spirit   .   b - +0 scale mail
rPois   ∞          Reflect  .   j - +0 helmet
rElec   +          Harm     .   n - +0 cloak
rCorr   .          Rampage  .   u - +0 pair of gloves
Will    .....                   (no boots)
Stlth   ..........              (no amulet)
HPRegen 0.10/turn               s - +6 ring of strength
MPRegen 0.09/turn               p - ring of protection from fire

@: no status effects
A: reduced essence, sickness immunity, AC +4, negative energy resistance 1,
electricity resistance, torment resistance 1, petrification resistance
a: Renounce Religion, Recall Ancestor, Ancestor Identity


You were on level 4 of the Dungeon.
You worshipped Hepliaklqana.
Hepliaklqana was pleased with you.
You visited 1 branch of the dungeon, and saw 4 of its levels.

You collected 188 gold pieces.

Inventory:

Hand Weapons
 v - a +0 morningstar (weapon)
Missiles
 t - 3 poisoned darts (quivered)
Armour
 b - a +0 scale mail (worn)
 c - a +0 buckler (worn)
 j - a +0 helmet (worn)
 n - a +0 cloak (worn)
 u - a +0 pair of gloves (worn)
Jewellery
 m - a ring of positive energy
 p - a ring of protection from fire (right hand)
 s - a +6 ring of strength (left hand)
Wands
 l - a wand of charming (8)
 q - a wand of iceblast (9)
Scrolls
 e - 2 scrolls of teleportation
 f - a scroll of fog {unknown}
 o - a scroll of enchant armour {unknown}
 r - a scroll of blinking {unknown}
 w - a scroll of enchant weapon {unknown}
 x - a scroll of magic mapping {unknown}
Potions
 d - a potion of might
 g - a potion of curing {unknown}
 i - 4 potions of heal wounds {unknown}
 k - 2 potions of degeneration {unknown}


   Skills:
 * Level 4.3 Fighting
 * Level 3.1 Maces & Flails
 * Level 4.2 Armour
 + Level 1.0 Dodging
 - Level 3.8 Shields
 + Level 0.9 Invocations


You had 4 spell levels left.
You didn't know any spells.
Your spell library contained the following spells:

 Spells                   Type           Power      Damage    Failure   Level
 Tukima's Dance           Hex            0%         N/A       98%         3
 Anguish                  Hex/Necr       0%         N/A       100%        4
 Enfeeble                 Hex            0%         N/A       100%        7


Dungeon Overview and Level Annotations

Branches:
Dungeon (4/15)
 Temple: D:4-7

Altars:
Hepliaklqana

Shops:
D:1 !   D:2 [


Innate Abilities, Weirdness & Mutations

Your life essence is reduced to manifest your ancestor. (-10% HP)
You are immune to sickness and miasma.
Your stone body is resilient. (AC +4)
You are immune to poison.
You resist negative energy. (rN+)
You are resistant to electric shocks. (rElec)
You are resistant to unholy torment.
You are immune to petrification.


Message History

There are monsters nearby!
There are monsters nearby!
A gnoll comes into view. It is wielding a +0 spear.
The gnoll shouts!
You see here 13 gold pieces.
The gnoll closely misses you.
You barely miss the gnoll.
The gnoll hits Nenetl with a +0 whip.
The gnoll hits you but does no damage. The gnoll closely misses you.
Nenetl hits the gnoll but does no damage.
Nenetl drains the gnoll.
The gnoll hits you from afar with a +0 halberd!
The gnoll hits Nenetl with a +0 whip.
The gnoll barely misses you.
Nenetl barely misses the gnoll.
You closely miss the gnoll.
The gnoll is moderately wounded.
Nenetl hits the gnoll with a +0 dagger of draining.
Nenetl drains the gnoll.
The gnoll hits you but does no damage. x2
You block the gnoll's attack.
You impale the gnoll!!
You kill the gnoll!
The gnoll hits you but does no damage. x2
The gnoll hits you from afar with a +0 spear.
The gnoll hits you with a +0 spear. You block the gnoll's attack.
Things that are here:
a +0 whip; 13 gold pieces You hit the gnoll but do no damage.
Nenetl gestures at the gnoll while chanting.
The gnoll resists with some effort.
The gnoll hits you from afar with a +0 spear.
You block the gnoll's attack. The gnoll hits you with a +0 halberd.
* * * LOW HITPOINT WARNING * * *
The gnoll hits you from afar with a +0 spear.
* * * LOW HITPOINT WARNING * * *
The gnoll hits you with a +0 halberd.
* * * LOW HITPOINT WARNING * * *
The gnoll hits you but does no damage.
You swap places.
The gnoll attacks as you move away! The gnoll barely misses you.
Something barely misses Nenetl.
The gnoll hits you from afar with a +0 halberd!
You die...

##########
.....ggR.#
......g#@#
######.#>#
#.#.# #.
#.#.# #.
#...# #.
#.### #.
#.#
#.#######.#
#.........#


You could see the friendly Nenetl the hexer and 2 gnolls.

Vanquished Creatures
  A gnoll (D:4)
  2 adders
  A worm (D:2)
  4 dart slugs
  7 orcs
  3 ball pythons
  7 endoplasms
  A giant cockroach (D:2)
  11 goblins
  5 hobgoblins
  7 jackals
  2 quokkas (D:1)
  3 bats
  3 frilled lizards (D:1)
  10 kobolds
  4 rats (D:1)
71 creatures vanquished.

Vanquished Creatures (collateral kills)
  A gnoll (D:2)
  An adder (D:2)
  2 orcs (D:3)
  3 endoplasms
  A goblin (D:2)
  2 hobgoblins
  A jackal (D:1)
  A kobold (D:1)
  A quokka (D:2)
  A ball python (D:1)
  4 bats
  A rat (D:3)
19 creatures vanquished.

Grand Total: 90 creatures vanquished

Notes
Turn   | Place    | Note
-------+----------+-------------------------------------------
     0 | D:1      | Dabor the Gargoyle Fighter began the quest for the Orb.
     0 | D:1      | Reached XP level 1. HP: 14/14 MP: 1/1
   229 | D:1      | Found Wupluyw's Distillery.
   242 | D:1      | Reached XP level 2. HP: 19/19 MP: 2/2
   431 | D:1      | Found a faded altar of an unknown god.
   455 | D:1      | Prayed at the altar of an unknown god.
   455 | D:1      | Became a worshipper of Hepliaklqana the Forgotten
   455 | D:1      | Reached * piety under Hepliaklqana
   468 | D:1      | Reached XP level 3. HP: 20/20 MP: 3/3
  1364 | D:2      | Reached XP level 4. HP: 22/26 MP: 4/4
  1496 | D:2      | Found Cullau Doxi's Armour Boutique.
  1626 | D:2      | Reached ** piety under Hepliaklqana
  1627 | D:2      | Remembered your ancestor Nenetl as a hexer
  2566 | D:3      | Reached XP level 5. HP: 29/29 MP: 5/5
  3409 | D:4      | Reached skill level 1 in Dodging
  3441 | D:4      | Slain by a gnoll

Illustrated notes

Levels and vault maps discovered:
D:1:      saegor_arrival_simple_e, layout_rooms, serial_shops,
          nicolae_square_shop, hellmonk_ecumenical_altar_crossroads,
          minmay_unequal
D:2:      minmay_door_path, layout_basic, serial_shops, shop,
          grunt_ministairs_2, minmay_misc_feat_rows, dreamdust_princess_bridge,
          cheibrodos_gnoll_hut
D:3:      kb_forest_paths, layout_basic
D:4:      layout_loops_ring

Skill      XL: |  1  2  3  4  5 |
---------------+----------------+-----
Armour         | 4 |  4.2
Fighting       | 4 |  4.3
Maces & Flails | 3 |  3.1
Dodging        | 1 |  1.0
Shields        | |  3.8
Invocations    | |  0.9

Action                   |  1- 3 |  4- 6 || total
-------------------------+-------+-------++-------
Melee: Flail             |   109 |    76 ||   185
       Morningstar       |       |    42 ||    42
Invok: Ancestor Life: He |       |     1 ||     1
       Recall Ancestor   |       |     1 ||     1
  Use: Scroll            |       |     1 ||     1
 Stab: Confused          |       |     1 ||     1
Armor: Scale mail        |    65 |    79 ||   144
Dodge: Dodged            |    47 |    51 ||    98
Block: Buckler           |    31 |    39 ||    70

Table legend: (Time is in decaauts)
 A = Elapsed time spent in this place.
 B = Non-inter-level travel time spent in this place.
 C = Inter-level travel time spent in this place.
 D = Time resting spent in this place.
 E = Time spent auto-exploring this place.
 F = Levels seen in this place.
 G = Mean time per level.
                   A        B        C        D        E       F      G
               +--------+--------+--------+--------+--------+-----+--------+
         Total |   3510 |   3271 |    239 |      0 |   2628 |   4 |  877.5 |
       Dungeon |   3510 |   3271 |    239 |      0 |   2628 |   4 |  877.5 |
               +--------+--------+--------+--------+--------+-----+--------+

Top non-repeatable levels by time:
     D:2: 1214 daAuts
     D:1: 1149 daAuts
     D:3: 1037 daAuts
     D:4: 109 daAuts
